 Dungeon Crawl Stone Soup version 0.18-a0-917-g8a3da5b (webtiles) character file.

84 4thArraOfDagon the Chopper (level 4, -9/38 HPs)
             Began as a Minotaur Gladiator on Dec 26, 2015.
             Was a Follower of the Shining One.
             Killed by divine providence
             ... invoked by an orc priest
              (16 damage)
             ... on level 4 of the Dungeon.
             The game lasted 00:03:47 (630 turns).

4thArraOfDagon the Chopper (Minotaur Gladiator)      Turns: 630, Time: 00:03:47

Health: -9/38      AC:  7    Str: 19    XL:     4   Next: 24%
Magic:  3/3        EV: 10    Int:  6    God:    the Shining One [*.....]
Gold:   18         SH:  0    Dex: 11    Spells: 0 memorised, 3 levels left

rFire  . . .     SeeInvis .     a - +0 war axe
rCold  . . .     Gourm    .     j - +0 scale mail
rNeg   . . .     Faith    +     (no shield)
rPois  .         Spirit   .     c - +0 hat
rElec  .         Dismiss  .     n - +0 cloak
rCorr  .         Reflect  .     (no gloves)
SustAt .         Harm     .     (no boots)
MR     .....                    b - amulet of faith
Stlth  ..........               (no ring)
                                (no ring)

@: glowing, not resistant to hostile enchantments, extremely unstealthy
A: retaliatory headbutt, horns 2
a: Renounce Religion


You were on level 4 of the Dungeon.
You worshipped the Shining One.
The Shining One was aware of your devotion.
You were not hungry.

You visited 1 branch of the dungeon, and saw 4 of its levels.

You collected 18 gold pieces.

Inventory:

Hand Weapons
 a - a +0 war axe (weapon)
Missiles
 d - 3 throwing nets (quivered)
Armour
 c - a +0 hat (worn)
 j - a +0 scale mail (worn)
 n - a +0 cloak (worn)
Jewellery
 b - an amulet of faith (around neck)
Wands
 r - a wand of heal wounds (5/9)
 s - a wand of magic darts (21/48)
Scrolls
 e - a scroll of enchant weapon {unknown}
 g - a scroll of noise {unknown}
 o - 2 scrolls of remove curse
 t - 2 scrolls of teleportation {unknown}
Potions
 i - a potion of might {unknown}
 k - 5 potions of poison {unknown}
 l - a potion of heal wounds {unknown}
 m - a potion of degeneration {unknown}
 p - a potion of haste
 u - a potion of lignification {unknown}
 v - a potion of flight {unknown}
Comestibles
 f - 2 bread rations
 h - a fruit
 q - a meat ration
 w - a chunk of flesh


   Skills:
 + Level 3.1 Fighting
 * Level 5.3 Axes
 - Level 2.0 Throwing
 + Level 1.4 Armour
 - Level 3.2 Dodging
 + Level 0.8 Invocations


You had 3 spell levels left.
You didn't know any spells.

Dungeon Overview and Level Annotations

Branches:
Dungeon (4/15)
 Temple: D:4-7

Altars:
Dithmenos
Gozag
The Shining One

Annotations:
D:4 Blork the orc


Innate Abilities, Weirdness & Mutations

You reflexively headbutt those who attack you in melee.
You have a pair of horns on your head.


Message History

Unknown command.
You slash Blork the orc! You headbutt Blork the orc!
Blork the orc is severely wounded.
You hit the orc priest but do no damage.
The orc priest is heavily wounded.
You hit the orc priest.
The orc priest is moderately wounded.
You hit the orc.
The orc is almost dead.
The orc hits you.
Blork the orc repeatedly shouts encouragement to no one in particular.
Blork the orc hits you with a long sword!
The orc priest mumbles some strange prayers to Beogh against you.
Pain shoots through your body!
* * * LOW HITPOINT WARNING * * *
The orc priest closely misses you. You furiously retaliate!
You headbutt the orc priest. The orc hits you but does no damage.
The orc priest mumbles some strange prayers to Beogh against you.
Something smites you!
You die...

#.........#...
#########..#########.#.
#..........###. .. ..
............... ## ..
.......w.....#
.............#
...[.........##
......oo).....#
......o@.......
......o...###..
#.........# ###########


You could see Blork the orc, a worm, 2 orc priests and an orc.

Vanquished Creatures
  4 adders (D:3)
  An ooze (D:2)
  A worm (D:3)
  6 orcs
  3 giant cockroaches
  2 goblins (D:2)
  4 hobgoblins
  4 kobolds
  2 quokkas
  A bat (D:1)
  2 giant newts
  3 jackals (D:4)
  8 rats
41 creatures vanquished.

Notes
Turn   | Place    | Note
--------------------------------------------------------------
     0 | D:1      | 4thArraOfDagon the Minotaur Gladiator began the quest for the Orb.
     0 | D:1      | Reached XP level 1. HP: 18/18 MP: 0/0
    54 | D:2      | Reached skill level 4 in Axes
    60 | D:2      | Found a glowing golden altar of the Shining One.
    70 | D:2      | Reached XP level 2. HP: 18/25 MP: 1/1
    78 | D:2      | Became a worshipper of the Shining One
   270 | D:3      | Found an opulent altar of Gozag.
   279 | D:3      | Found a shadowy altar of Dithmenos.
   300 | D:3      | Reached skill level 1 in Armour
   302 | D:3      | Reached XP level 3. HP: 28/30 MP: 2/2
   412 | D:3      | Reached skill level 5 in Axes
   469 | D:3      | Reached XP level 4. HP: 23/38 MP: 3/3
   588 | D:4      | Reached * piety under the Shining One
   627 | D:4      | Noticed Blork the orc
   630 | D:4      | Killed from afar by an orc priest

Vault maps used:
D:1:      evilmike_arrival_run_for_it
D:2:      nicolae_overflow_crystal_walls, xom_teletrap_fun
D:3:      grunt_dithmenos_smoke, grunt_gozag_statues, first_bread,
          nemelex_diamond_rough_becter
D:4:      nicolae_qazlal_style_of_elements, uniq_blork_the_orc

Action                   |  1- 3 |  4- 6 || total
-------------------------+-------+-------++-------
Melee: War axe           |    58 |    19 ||    77
Evoke: Wand              |     4 |       ||     4
  Use: Scroll            |     3 |       ||     3
